AoeStats
← Superbe Basile

Arabia

508626217Analyzed
1v1 RM · 10d ago on Sep 23, 2026· 39m 31s· 2 players
Game mode
Random Map
Map size
Tiny (2 player)
Population
200
Speed
Normal
Resources
Standard
Victory
Conquest
Starting age
Dark Age
Ending age
Imperial Age
RankedLock teamsTeams togetherTeam positionsShared explorationLock speedFull tech treeHidden civsTurbo modeCheats
Victory
Defeat
🇫🇷 Persians · France
1224
+15
🇬🇧 Saxons · United Kingdom
1193
-15
dux brun
6:14 Loom
9:16 Feudal Age
9:22 Man-at-Arms
13:19 Double-Bit Axe
19:49 Fletching
20:00 Padded Archer Armor
22:47 Castle Age
24:09 Bodkin Arrow
24:45 Elite Skirmisher
33:51 Leather Archer Armor
34:21 Pikeman
35:01 Squires
35:02 Scale Mail Armor
35:13 Forging
Superbe Basile
6:29 Loom
6:56 Loom
9:04 Feudal Age
12:23 Double-Bit Axe
17:45 Fletching
22:37 Castle Age
21:04 Gold Mining
21:33 Padded Archer Armor
22:06 Horse Collar
23:22 Bloodlines
23:13 Husbandry
23:21 Bodkin Arrow
23:17 Crossbowman
27:10 Ballistics
28:01 Leather Archer Armor
30:00 Stone Mining
30:25 Thumb Ring
31:20 Gold Shaft Mining
30:57 Bow Saw
32:54 Scale Barding Armor
33:11 Heavy Plow
35:16 Wheelbarrow
36:34 Chain Barding Armor
37:15 Forging
42:40 Imperial Age
Connection lost

Rejoining the realm…

Still unreachable

The connection could not be restored.

Session expired

The server has moved on; the page needs a fresh start.